 Dungeon Crawl Stone Soup version 0.31-a0-165-g3f4f80340b (webtiles) character file.

Game seed: 7978143311210950076

46 qw the Chopper (level 3, -5/23 HPs)
             Began as a Gargoyle Fighter on June 13, 2023.
             Killed by divine providence
             ... invoked by an orc priest
              (12 damage)
             ... on level 3 of the Dungeon.
             The game lasted 00:00:34 (1456 turns).

qw the Chopper (Gargoyle Fighter)                   Turns: 1456, Time: 00:00:34

Health: -5/23      AC: 14    Str: 21    XL:     3   Next: 68%
Magic:  3/3        EV:  9    Int:  8    God:
Gold:   36         SH:  4    Dex:  9    Spells: 2/2 levels left

rFire   . . .        Y - +0 war axe
rCold   . . .        c - +0 buckler
rNeg    + . .        b - +0 scale mail
rPois   inf          (no helmet)
rElec   +            (no cloak)
rCorr   .            (no gloves)
SInv    .            (no boots)
Will    .....        (no amulet) Stlth
                     h - +4 ring of protection
HPRegen 0.23/turn    (no ring)
MPRegen 0.08/turn

%: no passive effects
@: no status effects
A: sickness immunity, AC +3, negative energy resistance 1, electricity
resistance, torment resistance 1, petrification resistance
a: no special abilities


You were on level 3 of the Dungeon.
You visited 1 branch of the dungeon, and saw 3 of its levels.

You collected 106 gold pieces.
You spent 70 gold pieces at shops.


Innate Abilities, Weirdness & Mutations

You are immune to sickness and miasma.
Your stone body is resilient. (AC +3)
You are immune to poison.
You resist negative energy. (rN+)
You are resistant to electric shocks. (rElec)
You are resistant to unholy torment.
You are immune to petrification.


   Skills:
 - Level 3.2 Fighting
 + Level 3.4 Axes
 - Level 0.6 Throwing
 - Level 3.2 Armour
 - Level 3.2 Shields


You had 2 spell levels left.
You didn't know any spells.
Your spell library was empty.

Inventory:

Hand Weapons
 o - a +0 whip
 Y - a +0 war axe (weapon)
Armour
 b - a +0 scale mail (worn)
 c - a +0 buckler (worn)
 f - a +2 robe of fire resistance
Jewellery
 h - a +4 ring of protection (left hand)
Scrolls
 g - a scroll of enchant weapon {unknown}
 i - a scroll of identify
Potions
 a - a potion of degeneration {unknown}
 d - a potion of might
 e - a potion of lignification {unknown}
 j - a potion of cancellation {unknown}
 k - a potion of curing {unknown}
 l - a potion of berserk rage {unknown}
 p - a potion of heal wounds

Dungeon Overview and Level Annotations

Branches:
Dungeon (3/15)

Altars:
The Shining One

Shops:
D:2 !


Message History

The orc completely misses you.
You barely miss the adder.
The adder is severely wounded.
You barely miss the orc. The adder bites you. You block the adder's attack.
You closely miss the adder.
The adder is heavily wounded.
You barely miss the orc. You closely miss the orc. The adder misses you.
The orc hits you but does no damage. x2
An orc comes into view. It is wielding a +0 short sword.
The orc hits you but does no damage. The adder closely misses you.
An orc priest comes into view. It is wielding a +0 hand axe.
The orc hits you but does no damage.
You miss the adder.
The adder is heavily wounded.
You closely miss the orc. You barely miss the orc.
The orc shouts!
The adder bites you but does no damage. The orc closely misses you.
The orc priest invokes the aid of Beogh against you.
Beogh smites you!
Ouch! That really hurt!
The orc hits you with a +0 club. The adder closely misses you.
You miss the adder.
The adder is heavily wounded.
You hit the orc. You closely miss the orc. The orc barely misses you.
You block the orc's attack. The adder bites you but does no damage.
You hit the adder but do no damage.
The adder is heavily wounded.
You barely miss the orc. You hit the orc.
The adder bites you but does no damage. You block the orc's attack.
The orc closely misses you. The adder closely misses you.
You hit the adder.
You kill the adder!
You hit the orc. You closely miss the orc. The orc hits you but does no damage.
The orc priest invokes the aid of Beogh against you.
Beogh smites you!
Ouch! That really hurt!
You die...

#.# #.# # #
..#####. .. .......
#. #....# #..
#.o.(#
##...######oo..##..
#
...........@o......
#.##.
#.####^.##....####
.... #...#....#
.##. #...######
..... ##..# .# #..#
#############..#
...............#
...............#


You could see an orc priest and 3 orcs.

Vanquished Creatures
  2 adders
  A worm (D:2)
  An orc (D:3)
  An endoplasm (D:1)
  4 goblins
  3 hobgoblins
  3 jackals (D:2)
  2 quokkas
  A ball python (D:1)
  5 bats
  2 frilled lizards
  4 kobolds
  4 rats
33 creatures vanquished.

Notes
Turn   | Place    | Note
-------+----------+-------------------------------------------
     0 | D:1      | qw the Gargoyle Fighter began the quest for the Orb.
     0 | D:1      | Reached XP level 1. HP: 14/14 MP: 1/1
     0 | D:1      | 0 ||| qw: Version: 0.2-a-29-gc1b59c4
     0 | D:1      | 0 ||| qw: Game counter: 4654
     0 | D:1      | 0 ||| qw: Always use a shield: true
     0 | D:1      | 0 ||| qw: God list: Okawaru
     0 | D:1      | 0 ||| qw: Allow faded altars: false
     0 | D:1      | 0 ||| qw: Do Orc after D:15 true
     0 | D:1      | 0 ||| qw: Do second Lair branch before Depths: true
     0 | D:1      | 0 ||| qw: Lair rune preference: random
     0 | D:1      | 0 ||| qw: Plans: Normal, Zot:1-4, Slime:5, God:TSO, Crypt,
                  | Tomb, Abyss, Pan, Hells, Win
     0 | D:1      | 0 ||| PLANNING D:1-11
    51 | D:1      | 51 ||| Stepping ~*~*~tactically~*~*~ (hiding).
   249 | D:1      | Reached XP level 2. HP: 19/19 MP: 2/2
   619 | D:1      | Found a faded altar of an unknown god.
   828 | D:1      | 828 ||| DROPPING scarf of shadows.
   829 | D:1      | 829 ||| UPGRADING to +4 ring of protection.
   830 | D:1      | 830 ||| READING scroll labelled LYWO RUXUCK.
   885 | D:2      | Reached skill level 3 in Axes
   895 | D:2      | Reached XP level 3. HP: 21/23 MP: 3/3
   975 | D:2      | 975 ||| DROPPING +0 club.
  1069 | D:2      | Found a glowing golden altar of the Shining One.
  1175 | D:2      | Found Moor's Distillery.
  1181 | D:2      | 1181 ||| SHOPLISTING 2 potions of attraction (84 gold, have
                  | 77).
  1181 | D:2      | 1181 ||| BUYING potion of heal wounds (70 gold).
  1181 | D:2      | Bought a potion of heal wounds for 70 gold pieces
  1181 | D:2      | 1181 ||| SHOPLISTING potion of heal wounds (70 gold, have
                  | 7).
  1341 | D:2      | 1341 ||| DROPPING scarf of shadows.
  1342 | D:2      | 1342 ||| READING scroll labelled RUQAON KABBO.
  1343 | D:2      | 1343 ||| READING scroll labelled ENUCUA NIXKIM.
  1392 | D:3      | 1392 ||| Stepping ~*~*~tactically~*~*~ (stealth).
  1393 | D:3      | 1393 ||| Stepping ~*~*~tactically~*~*~ (stealth).
  1456 | D:3      | Killed from afar by an orc priest

Levels and vault maps discovered:
D:1:      evilmike_arrival_home_sweet_home, layout_loops_ring,
          shapermc_ecumenical_altar_rom_forum
D:2:      layout_basic, basic_altar, serial_shops, shop
D:3:      layout_basic

Skill      XL: |  1  2 |
---------------+-------+-----
Axes           | 2 3 |  3.4
Fighting       | |  3.2
Throwing       | |  0.6
Armour         | |  3.2
Shields        | |  3.2

Action                     || total
---------------------------++-------
  Melee: War axe           ||    65
  Throw: Javelin           ||    29
    Use: Scroll            ||     3
 Armour: Scale mail        ||    37
  Dodge: Dodged            ||    45
  Block: Buckler           ||    12

Table legend:
 A = Non-vault XP
 B = Vault XP
 C = Vault XP percentage of total XP
 D = Non-vault monster count
 E = Vault monster count
 F = Vault count percentage of total count
                 A         B        C        D         E       F
            +---------+---------+-------+---------+---------+-------
      Total |      81 |       0 |   0.0 |      33 |       0 |   0.0
            +---------+---------+-------+---------+---------+-------
        D:1 |      21 |       0 |   0.0 |      14 |       0 |   0.0
        D:2 |      42 |       0 |   0.0 |      16 |       0 |   0.0
        D:3 |      18 |       0 |   0.0 |       3 |       0 |   0.0
            +---------+---------+-------+---------+---------+-------
